 Dungeon Crawl Stone Soup version 0.24.0-123-gd5b16e6ec5 (webtiles) character file.

Game seed: 6674046473946168596, levelgen mode: deterministic

959 Elellon the Cleaver (level 8, 0/68 HPs)
             Began as a Hill Orc Fighter on Jan 14, 2020.
             Slain by Harold
             ... wielding a +1 dire flail of protection
              (11 damage)
             ... on level 7 of the Dungeon.
             The game lasted 00:07:24 (4927 turns).

Elellon the Cleaver (Hill Orc Fighter)              Turns: 4927, Time: 00:07:24

Health: 0/68       AC: 13    Str: 21    XL:     8   Next: 14%
Magic:  8/8        EV:  5    Int:  8    God:
Gold:   251        SH:  9    Dex: 10    Spells: 7/7 levels left

rFire    . . .     SeeInvis .   a - +0 war axe
rCold    . . .     Gourm    .   c - +0 shield
rNeg     . . .     Faith    .   v - +0 chain mail
rPois    .         Spirit   .   r - +0 helmet
rElec    .         Reflect  .   (no cloak)
rCorr    .         Harm     .   (no gloves)
MR       .....                  j - +1 pair of boots
Stlth    ..........             (no amulet)
HPRegen  0.21/turn              (no ring)
MPRegen  0.11/turn              (no ring)

@: marked
A: no striking features
a: no special abilities


You were on level 7 of the Dungeon.
You were very hungry.

You visited 1 branch of the dungeon, and saw 7 of its levels.

You collected 251 gold pieces.

Inventory:

Hand Weapons
 a - a +0 war axe (weapon)
Armour
 c - a +0 shield (worn)
 j - a +1 pair of boots (worn)
 r - a +0 helmet (worn)
 v - a +0 chain mail (worn)
 y - a +0 large shield
Jewellery
 n - a +3 ring of strength {unknown}
 C - a cursed ring of attention {unknown}
 E - an uncursed ring of stealth {unknown}
Wands
 m - a wand of acid (7)
 w - a wand of flame (39)
 B - a wand of enslavement (6)
Scrolls
 b - 3 scrolls of identify {unknown}
 e - 3 scrolls of teleportation {unknown}
 g - 3 scrolls of noise {unknown}
 h - 5 scrolls of remove curse {unknown}
 p - a scroll of random uselessness {unknown}
 q - a scroll of blinking {unknown}
 s - a scroll of enchant armour {unknown}
 u - a scroll of amnesia {unknown}
 A - a scroll of vulnerability {unknown}
Potions
 d - 5 potions of might
 i - 2 potions of lignification {unknown}
 k - 2 potions of invisibility {unknown}
 l - 2 potions of resistance {unknown}
 o - a potion of flight {unknown}
 t - 3 potions of heal wounds {unknown}
 x - a potion of magic {unknown}
 z - 2 potions of mutation {unknown}
Comestibles
 f - 12 rations


   Skills:
 + Level 5.0 Fighting
 * Level 10.2 Axes
 + Level 4.5 Armour
 + Level 4.5 Shields


You had 7 spell levels left.
You didn't know any spells.
Your spell library contained the following spells:

 Spells                   Type           Power        Failure   Level  Hunger
 Animate Skeleton         Necr           N/A          100%        1    ##.....
 Apportation              Tloc           #.....       100%        1    ##.....
 Confusing Touch          Hex            #.....       100%        1    ##.....
 Summon Small Mammal      Summ           #...         100%        1    ##.....


Dungeon Overview and Level Annotations

Branches:
Dungeon (8/15)
 Temple: D:4-7         Lair: D:8-11

Altars:
Ashenzari
Cheibriados
Elyvilon
Hepliaklqana
Makhleb
Nemelex Xobeh
Ru
Sif Muna
Trog
Wu Jian
Zin

Annotations:
D:7 Harold


Message History

Harold is lightly wounded.
You block Harold's attack.
You hit Harold but do no damage.
Harold is lightly wounded.
Harold points at you and mumbles some strange words.
The mark upon you grows brighter.
Harold hits you with a +1 dire flail of protection.
You hit Harold.
Harold is lightly wounded.
You hit Harold.
Harold is lightly wounded.
Harold hits you with a +1 dire flail of protection.
You hit Harold.
Harold is moderately wounded.
Harold hits you with a +1 dire flail of protection!
* * * LOW HITPOINT WARNING * * *
You hit Harold but do no damage.
Harold is moderately wounded.
Harold hits you with a +1 dire flail of protection!
You die...

##..## #.## #..# #...#
#.# ##.# #..># #.# #.#
##..## #.# #.# ###.##
#.# #.# ##.## #.# #.##
##.###.## ...#
##.....##....# ######
#.....@@...#
.....######......#####
....#...........##
###########....##
##...# #...# #...#
.....# ....#


You could see Harold.

Vanquished Creatures
  A spriggan (D:8)
  Eustachio (D:5)
  A phantom (D:8)
  An eye of draining (D:8)
  A centaur (D:5)
  A howler monkey (D:4)
  A hound (D:4)
  2 orc priests
  A bullfrog skeleton (D:4)
  2 orc wizards (D:5)
  2 worker ants (D:4)
  3 gnolls (D:4)
  6 adders
  2 worms (D:3)
  A dart slug (D:3)
  15 orcs
  3 ball pythons
  4 giant cockroaches
  3 goblins
  5 hobgoblins
  A quokka (D:5)
  8 bats
  2 frilled lizards
  A jackal skeleton (D:4)
  9 kobolds
  A leopard gecko zombie (D:7)
  13 rats
91 creatures vanquished.

Notes
Turn   | Place    | Note
-------+----------+-------------------------------------------
     0 | D:1      | Elellon the Hill Orc Fighter began the quest for the Orb.
     0 | D:1      | Reached XP level 1. HP: 19/19 MP: 1/1
    42 | D:1      | Reached skill level 3 in Axes
   401 | D:1      | Reached XP level 2. HP: 26/26 MP: 2/2
   459 | D:1      | Reached skill level 4 in Axes
   714 | D:2      | Found a snail-covered altar of Cheibriados.
   731 | D:2      | Reached XP level 3. HP: 12/31 MP: 3/3
   929 | D:2      | Found a white marble altar of Elyvilon.
   960 | D:2      | Found a faded altar of an unknown god.
  1005 | D:2      | Reached skill level 5 in Axes
  1044 | D:2      | Found an ornate altar of the Wu Jian Council.
  1045 | D:2      | Found a hazy altar of Hepliaklqana.
  1325 | D:2      | Found a sacrificial altar of Ru.
  1326 | D:2      | Found a burning altar of Makhleb.
  1395 | D:2      | Found a sparkling altar of Nemelex Xobeh.
  1396 | D:2      | Found a shattered altar of Ashenzari.
  1494 | D:3      | Found a sparkling altar of Nemelex Xobeh.
  1522 | D:3      | Reached XP level 4. HP: 38/39 MP: 4/4
  1760 | D:3      | Reached skill level 6 in Axes
  1825 | D:3      | Found a glowing silver altar of Zin.
  2711 | D:4      | Reached XP level 5. HP: 41/45 MP: 5/5
  2753 | D:4      | Reached skill level 7 in Axes
  3212 | D:4      | Found a shimmering blue altar of Sif Muna.
  3315 | D:4      | Reached skill level 8 in Axes
  3315 | D:4      | Reached XP level 6. HP: 36/51 MP: 6/6
  3669 | D:5      | Entered Level 5 of the Dungeon
  3701 | D:5      | Reached skill level 9 in Axes
  3783 | D:5      | Reached XP level 7. HP: 26/58 MP: 7/7
  4102 | D:5      | Found a bloodstained altar of Trog.
  4208 | D:5      | Noticed Eustachio
  4292 | D:5      | Killed Eustachio
  4496 | D:5      | You fall into a shaft and drop 3 floors!
  4569 | D:8      | Noticed a spriggan
  4590 | D:8      | Killed a spriggan
  4590 | D:8      | Reached skill level 10 in Axes
  4590 | D:8      | Reached XP level 8. HP: 47/67 MP: 8/8
  4724 | D:8      | Reached skill level 5 in Fighting
  4911 | D:7      | Noticed Harold
  4927 | D:7      | Slain by Harold

Levels and vault maps discovered:
D:1:      minmay_arrival_open_corners, layout_basic, grunt_decor_arrowhead,
          chequers_serial_rivers_room_b
D:2:      layout_rooms, minitemple, cheibriados_altar_1,
          gammafunk_temple_overflow_statue, grunt_temple_overflow_open,
          chequers_ecumenical_altar_island, nrook_mini_backslash
D:3:      layout_basic, overflow_temple_1_default, serial_forest,
          infiniplex_forest_straight_1, infiniplex_forest_straight_5,
          infiniplex_forest_lined_corner, infiniplex_forest_lined_2,
          infiniplex_forest_clump_diagonal, infiniplex_forest_end_2,
          infiniplex_forest_zigzag_2, infiniplex_forest_end_3,
          infiniplex_forest_lined_room_, infiniplex_forest_end_3,
          nemelex_lonely_heart_becter
D:4:      layout_gridville, kennysheep_mini, first_ration
D:5:      layout_basic, bloody_trog, minmay_misc_feat_diagonals, uniq_eustachio
D:7:      layout_layer_cave, minmay_temple_entry_crystal_x, uniq_harold
D:8:      layout_loops_cross, grunt_pizzeria

Skill      XL: |  1  2  3  4  5  6  7  8 |
---------------+-------------------------+-----
Axes           | 3 4 5 6 8 9 10 | 10.2
Fighting       | 4 5 |  5.0
Armour         | 4 |  4.5
Shields        | 4 |  4.5

Action                   |  1- 3 |  4- 6 |  7- 9 || total
-------------------------+-------+-------+-------++-------
Melee: War axe           |   112 |   140 |   129 ||   381
  Eat: Chunk             |     2 |     7 |     3 ||    12
Armor: Scale mail        |    44 |     9 |       ||    53
       Chain mail        |       |    60 |    37 ||    97
Dodge: Dodged            |    44 |    21 |    16 ||    81
Block: Shield            |    58 |    74 |    58 ||   190
